 Dungeon Crawl Stone Soup version 0.31-a0-485-gaadceae713 (webtiles) character file.

Game seed: 11926826067246034712

42 ASDFQWER the Slasher (level 3, -4/23 HPs)
             Began as a Tengu Monk on Aug 7, 2023.
             Killed by divine providence
             ... invoked by an orc priest
              (15 damage)
             ... on level 3 of the Dungeon.
             The game lasted 00:01:37 (982 turns).

ASDFQWER the Slasher (Tengu Monk)                    Turns: 982, Time: 00:01:38

Health: -4/23      AC:  7    Str: 11    XL:     3   Next: 54%
Magic:  4/4        EV: 11    Int: 10    God:
Gold:   74         SH:  5    Dex: 18    Spells: 2/2 levels left

rFire   . . .        b - +2 dagger (venom)
rCold   . . .        d - orb {light}
rNeg    . . .        g - +0 ring mail
rPois   +            (helmet restricted)
rElec   .            (no cloak)
rCorr   .            f - +1 pair of gloves
SInv    .            (boots unavailable)
Will    .....        m - amulet of reflection
Stlth   +            n - ring of poison resistance
HPRegen 0.23/turn    (no ring)
MPRegen 0.09/turn

%: reflection
@: glowing
A: beak, talons 3
a: no special abilities


You were on level 3 of the Dungeon.
You visited 1 branch of the dungeon, and saw 3 of its levels.

You collected 74 gold pieces.

Inventory:

Hand Weapons
 a - a +0 falchion
 b - a +2 dagger of venom (weapon)
Missiles
 h - 4 poisoned darts (quivered)
Armour
 d - an orb of light (worn)
 f - a +1 pair of gloves (worn)
 g - a +0 ring mail (worn)
Jewellery
 m - an amulet of reflection (around neck)
 n - a ring of poison resistance (left hand)
Scrolls
 i - a scroll of silence
 k - a scroll of fear
 l - a scroll of poison
 o - a scroll of fog {unknown}
Potions
 c - 2 potions of ambrosia
 e - a potion of enlightenment {unknown}
 j - a potion of cancellation {unknown}
 p - a potion of curing {unknown}
 q - a potion of haste {unknown}
 r - a potion of invisibility {unknown}


   Skills:
 + Level 3.4 Fighting
 * Level 4.3 Long Blades
 + Level 0.9 Throwing
 - Level 3.2 Dodging


You had 2 spell levels left.
You didn't know any spells.
Your spell library was empty.

Dungeon Overview and Level Annotations

Branches:
Dungeon (3/15)

Altars:


Innate Abilities, Weirdness & Mutations

You have a beak for a mouth.
You have claws for feet.


Message History

Found 8 stones.
No target in view!
No target in view!
Done exploring.
No target in view!
No target in view!
Done exploring.
No target in view!
Done exploring.
No target in view!
Done exploring.
What level of the Dungeon? (default 1, ? - help)
You see here a +0 club.
There is a stone staircase leading down here.
You climb downwards.
The hobgoblin shouts!
The goblin shouts!
The hobgoblin shouts!
The orc priest shouts!
The orc shouts! x2; You hear a shout! x4
Found a red potion.
Found a stone staircase leading up.
There is a stone staircase leading up here.
There are monsters nearby!
Unknown command.
There are monsters nearby!
Unknown command.
You hear a shout! x2
An orc comes into view. It is wielding a +0 short sword.
An orc comes into view. It is wielding a +0 flail.
A hobgoblin comes into view.
The orc shouts!
A hobgoblin comes into view.
The orc priest calls down the wrath of Beogh upon you.
Beogh smites you!
Ouch! That really hurt!
A goblin comes into view. It is wielding a +0 club.
A goblin comes into view. It is wielding a +0 dagger.
You take 12 damage, and have 11/23 hp.
The goblin shouts!
The orc priest calls down the wrath of Beogh upon you.
Beogh smites you!
Ouch! That really hurt!
You die... .. .. .# # .# #. #.# # g. .... ..#.# ggg#g#.

..#.## .o...
.....# #.#.o.
.!..#
##.o.g.#....###
......o@...oo..
........<...###
.......#.#..#
#####.. .# .#
#.. .# .. #..
.. .# ... .. #
##.# .##


You could see 2 orc priests, 4 orcs, 4 hobgoblins and 2 goblins.

Vanquished Creatures
  2 adders (D:2)
  2 bats (D:1)
  2 endoplasms (D:1)
  2 giant cockroaches
  3 goblins (D:2)
  A hobgoblin (D:1)
  2 ball pythons (D:1)
  3 frilled lizards
  4 kobolds
  5 rats
26 creatures vanquished.

Notes
Turn   | Place    | Note
-------+----------+-------------------------------------------
     0 | D:1      | ASDFQWER the Tengu Monk began the quest for the Orb.
     0 | D:1      | Reached XP level 1. HP: 14/14 MP: 2/2
   185 | D:1      | Reached XP level 2. HP: 19/19 MP: 3/3
   649 | D:2      | Reached skill level 4 in Long Blades
   649 | D:2      | Reached XP level 3. HP: 23/23 MP: 4/4
   982 | D:3      | Killed from afar by an orc priest

Illustrated notes

Levels and vault maps discovered:
D:1:      lightli_iron_boxes, layout_basic, dk_noncrumbling_4
D:2:      layout_rooms
D:3:      layout_basic, mainiacjoe_overflow_tiny_flanked, uniq_jessica,
          uniq_robin

Skill      XL: |  1  2 |
---------------+-------+-----
Long Blades    | 4 |  4.3
Fighting       | |  3.4
Throwing       | |  0.9
Dodging        | |  3.2

Action                     || total
---------------------------++-------
  Melee: Falchion          ||    32
         Kick              ||    12
         Peck              ||     5
         Dagger            ||    10
    Use: Scroll            ||     4
 Armour: Robe              ||     6
         Plate armour      ||     6
         Ring mail         ||     7
  Dodge: Dodged            ||    19
  Block: Orb               ||     3

Table legend: (Time is in decaauts)
 A = Elapsed time spent in this place.
 B = Non-inter-level travel time spent in this place.
 C = Inter-level travel time spent in this place.
 D = Time resting spent in this place.
 E = Time spent auto-exploring this place.
 F = Levels seen in this place.
 G = Mean time per level.
                   A        B        C        D        E       F      G
               +--------+--------+--------+--------+--------+-----+--------+
         Total |    984 |    897 |     87 |     27 |    603 |   3 |  328.0 |
       Dungeon |    984 |    897 |     87 |     27 |    603 |   3 |  328.0 |
               +--------+--------+--------+--------+--------+-----+--------+

Top non-repeatable levels by time:
     D:1: 553 daAuts
     D:2: 427 daAuts
     D:3: 3 daAuts
